 Dungeon Crawl Stone Soup version 0.28-a0-1594-ga885d4b3d6 (webtiles) character file.

Game seed: 1073089521498892563

282 fragbeetle the Chopper (level 6, -3/52 HPs)
             Began as a Hill Orc Monk on Jan 20, 2022.
             Slain by Grinder (6 damage)
             ... on level 4 of the Dungeon.
             The game lasted 00:08:45 (4533 turns).

fragbeetle the Chopper (Hill Orc Monk)              Turns: 4533, Time: 00:08:46

Health: -3/52      AC:  7    Str: 16    XL:     6   Next: 28%
Magic:  15/15      EV: 10    Int: 10    God:
Gold:   221        SH:  0    Dex: 13    Spells: 2/5 levels left

rFire   . . .      SeeInvis .   a - +0 hand axe
rCold   . . .      Faith    .   (no shield)
rNeg    . . .      Spirit   .   i - +0 scale mail
rPois   .          Reflect  .   A - +0 helmet
rElec   .          Harm     .   (no cloak)
rCorr   .          Rampage  .   (no gloves)
Will    .....                   (no boots)
Stlth   +.........              (no amulet)
HPRegen 0.17/turn               l - ring of magical power
MPRegen 0.14/turn               u - ring of flight

@: flying
A: no striking features
a: no special abilities


You were on level 4 of the Dungeon.
You visited 1 branch of the dungeon, and saw 4 of its levels.

You collected 221 gold pieces.

Inventory:

Hand Weapons
 a - a +0 hand axe (weapon)
Missiles
 c - 61 stones
 d - 21 arrows
 f - 2 boomerangs (quivered)
Armour
 i - a +0 scale mail (worn)
 j - the +0 leather armour of Zehesch {Int+3}
   (You found it on level 2 of the Dungeon)

   Int:       It affects your intelligence (+3).
 A - a +0 helmet (worn)
Jewellery
 l - a ring of magical power (left hand)
 p - a ring of magical power
 u - a ring of flight (right hand)
 z - an amulet of reflection
Wands
 b - a wand of iceblast (12)
 y - a wand of flame (4)
Scrolls
 e - a scroll of vulnerability {unknown}
 h - a scroll of identify
 m - a scroll of magic mapping {unknown}
 n - 2 scrolls of teleportation {unknown}
 s - 2 scrolls of noise {unknown}
 t - 3 scrolls of holy word {unknown}
 x - a scroll of enchant weapon {unknown}
Potions
 g - a potion of attraction
 o - 2 potions of curing
 q - a potion of lignification {unknown}
 r - a potion of flight {unknown}
 v - a potion of heal wounds {unknown}
 w - a potion of haste {unknown}


   Skills:
 - Level 4.0 Fighting
 * Level 7.4 Axes
 - Level 3.0 Dodging
 - Level 2.0 Stealth
 + Level 2.3 Conjurations


You had 2 spell levels left.
You knew the following spells:

 Your Spells              Type           Power      Damage    Failure   Level
a - Mephitic Cloud        Conj/Pois/Air  1%         N/A       97%         3

Your spell library contained the following spells:

 Spells                   Type           Power      Damage    Failure   Level
 Magic Dart               Conj           16%        1d3       50%         1
 Call Imp                 Summ           0%         N/A       91%         2


Dungeon Overview and Level Annotations

Branches:
Dungeon (4/15)
 Temple: D:4-7

Altars:
Beogh

Annotations:
D:4 Grinder


Message History

Grinder hits you but does no damage.
You closely miss Grinder.
Grinder is heavily wounded.
Grinder hits you.
You writhe in agony.
You slash Grinder!
Grinder is severely wounded.
Grinder barely misses you.
You closely miss Grinder.
Grinder is severely wounded.
Grinder hits you.
You closely miss Grinder.
Grinder is severely wounded.
Grinder barely misses you.
You barely miss Grinder.
Grinder is severely wounded.
Grinder gestures at you. Pain shoots through your body!
* * * LOW HITPOINT WARNING * * *
Unknown command.
You closely miss Grinder.
Grinder is severely wounded.
You hit Grinder.
Grinder is severely wounded.
Grinder says, "I used to sell toenails on the black market."
Grinder gestures at you.
You suddenly lose the ability to move!
Grinder hits you.
* * * LOW HITPOINT WARNING * * *
Grinder hits you.
* * * LOW HITPOINT WARNING * * *
You writhe in agony.
* * * LOW HITPOINT WARNING * * *
Grinder gestures at you.
You shrug off the repeated paralysis!
You can move again.
Aiming: Throw Flame
Press: ? - help, Shift-Dir - straight line, f/p - Grinder
Aim: Grinder (severely wounded, 64% to hit)
The puff of flame misses Grinder.
Grinder hits you.
You die...

#.##........####..###...>..
5......... ##<## ##.....
..........## #..# ##.###.
..........###..# ##)..##.
#....5.....#..####)<..#..
#..######......##..[#....
#..# #...##...[####... #.<#
###5..##.).## ##.# #
#..####.@#..##.)..#######
#>###........##.#......##.#
#.......###.##...###....##
#.....### #..#...###...##
#.###..# #..##..##....# #.
##.####.....###.#### .
#...##.........#
#.......##....##
#.###..###.....#


You could see Grinder.

Vanquished Creatures
  An ogre (D:4)
  An orc wizard (D:3)
  Robin (D:3)
  A gnoll (D:1)
  5 adders
  2 dart slugs (D:1)
  10 orcs
  3 ball pythons
  7 endoplasms
  3 giant cockroaches
  20 goblins
  7 hobgoblins
  4 jackals (D:3)
  11 kobolds
  3 quokkas
  3 bats
  2 frilled lizards
  4 rats
88 creatures vanquished.

Vanquished Creatures (others)
  3 plants (D:3)
3 creatures vanquished.

Grand Total: 91 creatures vanquished

Notes
Turn   | Place    | Note
-------+----------+-------------------------------------------
     0 | D:1      | fragbeetle the Hill Orc Monk began the quest for the Orb.
     0 | D:1      | Reached XP level 1. HP: 19/19 MP: 1/1
     6 | D:1      | Noticed a rime drake
     6 | D:1      | Noticed a swamp worm
     6 | D:1      | Noticed a snapping turtle
   531 | D:1      | Found a roughly hewn altar of Beogh.
   541 | D:1      | Reached XP level 2. HP: 23/27 MP: 2/2
   591 | D:1      | Found a faded altar of an unknown god.
   950 | D:1      | Reached XP level 3. HP: 32/33 MP: 3/3
  1331 | D:1      | Reached skill level 5 in Axes
  1504 | D:2      | Identified the +0 leather armour of Zehesch {Int+3}
  2009 | D:2      | Reached XP level 4. HP: 39/40 MP: 4/4
  2248 | D:3      | Noticed Robin
  2299 | D:3      | Learned a level 3 spell: Mephitic Cloud
  3313 | D:3      | Reached skill level 6 in Axes
  3342 | D:3      | Reached XP level 5. HP: 35/46 MP: 5/5
  3345 | D:3      | Reached skill level 1 in Conjurations
  3348 | D:3      | Killed Robin
  4098 | D:4      | Noticed an ogre
  4117 | D:4      | Noticed Grinder
  4249 | D:4      | Killed an ogre
  4250 | D:4      | Reached skill level 7 in Axes
  4250 | D:4      | Reached XP level 6. HP: 23/52 MP: 6/6
  4515 | D:4      | Paralysed by Grinder for 2 turns
  4529 | D:4      | Paralysed by Grinder for 3 turns
  4531 | D:4      | HP: 2/52 [Grinder (3)]
  4533 | D:4      | Slain by Grinder

Illustrated notes

Levels and vault maps discovered:
D:1:      onia_arrival_zoo_common, layout_loops_cross,
          hellmonk_ecumenical_altar_defaced_shrine, serial_rivers,
          chequers_serial_rivers_micro_b, chequers_serial_rivers_micro_e,
          chequers_serial_rivers_micro_b, chequers_serial_rivers_small_b
D:2:      layout_loops_ring
D:3:      corexii_shack_village, layout_rooms, uniq_robin
D:4:      layout_layer_cave, serial_bayou_crossing, uniq_grinder

Skill      XL: |  1  2  3  4  5 |
---------------+----------------+-----
Stealth        | 2 |  2.0
Fighting       | 4 |  4.0
Axes           | 5 6 7 |  7.4
Dodging        | 3 |  3.0
Conjurations   | 2 |  2.3

Action                   |  1- 3 |  4- 6 || total
-------------------------+-------+-------++-------
Melee: Hand axe          |   114 |   179 ||   293
       Punch             |     1 |     6 ||     7
Evoke: Wand              |       |     8 ||     8
  Use: Scroll            |       |     3 ||     3
       Potion            |       |     1 ||     1
Armor: Robe              |     9 |       ||     9
       Scale mail        |    13 |    93 ||   106
Dodge: Dodged            |    60 |   104 ||   164

Table legend: (Time is in decaauts)
 A = Elapsed time spent in this place.
 B = Non-inter-level travel time spent in this place.
 C = Inter-level travel time spent in this place.
 D = Time resting spent in this place.
 E = Time spent auto-exploring this place.
 F = Levels seen in this place.
 G = Mean time per level.
                   A        B        C        D        E       F      G
               +--------+--------+--------+--------+--------+-----+--------+
         Total |   4546 |   4488 |     58 |   1375 |   2046 |   4 | 1136.5 |
       Dungeon |   4546 |   4488 |     58 |   1375 |   2046 |   4 | 1136.5 |
               +--------+--------+--------+--------+--------+-----+--------+

Top non-repeatable levels by time:
     D:3: 1542 daAuts
     D:1: 1495 daAuts
     D:2: 1023 daAuts
     D:4: 485 daAuts
